 Dungeon Crawl Stone Soup version 0.27.0-1-g7a089689b8 (webtiles) character file.

Game seed: 3859335842129139340

80 x13thangelx the Skirmisher (level 4, -3/35 HPs)
             Began as a Demonspawn Berserker on Aug 8, 2021.
             Was a Believer of Trog.
             Slain by a goblin (5 damage)
             ... on level 2 of the Dungeon.
             The game lasted 00:06:26 (1504 turns).

x13thangelx the Skirmisher (Demonspawn Berserker)   Turns: 1504, Time: 00:06:27

Health: -3/35      AC:  6    Str: 19    XL:     4   Next: 18%
Magic:  4/4        EV: 11    Int:  8    God:    Trog [**....]
Gold:   44         SH:  0    Dex: 12    Spells: 3/3 levels left

rFire    . . .     SeeInvis .   a - +0 hand axe
rCold    . . .     Faith    .   (no shield)
rNeg     . . .     Spirit   .   f - +1 ring mail
rPois    .         Reflect  .   (helmet restricted)
rElec    .         Harm     .   (no cloak)
rCorr    .         Rampage  .   (no gloves)
Will     .....                  (no boots)
Stlth    +.........             (no amulet)
HPRegen  0.11/turn              (no ring)
MPRegen  0.09/turn              (no ring)

@: on berserk cooldown, slowed, very slow
A: antennae 1, claws 1
a: Renounce Religion, Berserk, Trog's Hand


You were on level 2 of the Dungeon.
You worshipped Trog.
Trog was pleased with you.
You visited 1 branch of the dungeon, and saw 2 of its levels.

You collected 44 gold pieces.

Inventory:

Hand Weapons
 a - a +0 hand axe (weapon)
 d - a +0 whip
Missiles
 c - 87 stones
Armour
 b - a +0 animal skin
 e - a +0 leather armour
 f - a +1 ring mail (worn)
Scrolls
 g - a scroll of enchant weapon {unknown}
Potions
 h - 2 potions of curing


   Skills:
 + Level 3.5 Fighting
 + Level 3.4(3.5) Axes
 + Level 0.1(2.1) Maces & Flails
 + Level 2.3 Armour
 + Level 2.4 Dodging


You had 3 spell levels left.
You didn't know any spells.
Your spell library was empty.

Dungeon Overview and Level Annotations

Branches:
Dungeon (2/15)

Altars:

Shops:
D:1 (*[


Innate Abilities, Weirdness & Mutations

You have a pair of small antennae on your head.
You have sharp fingernails.


Message History

You miss the bat. The bat barely misses you. The bat misses you.
The goblin shoots a stone.
The stone hits you.
Items here: ! ) / [[ †.
You feel a strong urge to attack something.
You are no longer berserk.
You are exhausted.
You feel yourself slow down. The bat hits you but does no damage.
The goblin shoots a stone.
The stone hits you but does no damage. The bat hits you but does no damage.
The bat misses you. The goblin hits you with a +0 mace.
The goblin shoots a stone.
The stone closely misses you. The bat closely misses you.
The goblin closely misses you. The bat misses you.
The goblin shoots a stone.
The stone barely misses you. The goblin hits you with a +0 mace.
The goblin shoots a stone.
The stone hits you but does no damage. The bat completely misses you.
The goblin hits you but does no damage.
The goblin unwields a +0 hunting sling.
The goblin wields a +0 club.
The goblin closely misses you.
You slash the goblin!
You kill the goblin!
Trog accepts your kill.
You barely miss the goblin. The bat hits you but does no damage.
The goblin hits you with a +0 mace.
* * * LOW HITPOINT WARNING * * *
The goblin hits you with a +0 mace.
* * * LOW HITPOINT WARNING * * *
Okay, then.
It was a potion of curing.
You feel better. The bat hits you. The bat hits you but does no damage.
The bat hits you.
* * * LOW HITPOINT WARNING * * *
The goblin barely misses you. The goblin hits you but does no damage.
You hit the bat but do no damage. You hit the goblin.
The bat barely misses you. The goblin hits you with a +0 mace.
* * * LOW HITPOINT WARNING * * *
The bat hits you but does no damage.
You closely miss the bat. You closely miss the goblin.
The bat hits you but does no damage. The goblin hits you with a +0 mace.
* * * LOW HITPOINT WARNING * * *
The bat closely misses you. The goblin hits you with a +0 mace.
You die...

# .# #######.###. ..
###....>..... ... .
............## ....
...## #.......#...##...#
......#.g.....#.#......#
#.)@b.....#.#.....##
###.....!...........
#....)..#.<..#
#.....))....##
#.....$).)...#
#...#####.....# #.###
#.#..## #.. .....# ..
#.....#


You could see a goblin and a bat.

Vanquished Creatures
  A hound (D:2)
  Robin (D:2)
  2 endoplasms (D:1)
  A giant cockroach (D:1)
  14 goblins
  2 hobgoblins (D:1)
  2 jackals (D:2)
  3 ball pythons (D:1)
  4 bats (D:1)
  2 frilled lizards (D:1)
  A kobold (D:1)
  4 rats (D:1)
37 creatures vanquished.

Notes
Turn   | Place    | Note
-------+----------+-------------------------------------------
     0 | D:1      | x13thangelx the Demonspawn Berserker began the quest for
                  | the Orb.
     0 | D:1      | Reached XP level 1. HP: 18/18 MP: 1/1
   191 | D:1      | Found Ucrety's General Store.
   446 | D:1      | Gained mutation: You have a pair of small antennae on your
                  | head. [demonic ancestry]
   446 | D:1      | Reached XP level 2. HP: 21/24 MP: 2/2
   451 | D:1      | Found a faded altar of an unknown god.
   496 | D:1      | Found Sugas's Armour Shop.
   534 | D:1      | Found Fuzoweny's Weapon Shoppe.
  1482 | D:2      | Noticed Robin
  1486 | D:2      | Gained mutation: You have sharp fingernails. [demonic
                  | ancestry]
  1486 | D:2      | Reached XP level 3. HP: 29/29 MP: 3/3
  1487 | D:2      | Reached ** piety under Trog
  1492 | D:2      | Reached XP level 4. HP: 35/35 MP: 4/4
  1495 | D:2      | Killed Robin
  1501 | D:2      | HP: 1/35 [goblin (5)]
  1504 | D:2      | Slain by a goblin

Illustrated notes

Levels and vault maps discovered:
D:1:      onia_arrival_mini_maze, layout_loops_ring,
          ebering_ecumenical_altar_hall, serial_shops, shop,
          nicolae_shop_crystal, shop_statue
D:2:      layout_rooms, uniq_sigmund, uniq_robin

Skill      XL: |  1  2 |
---------------+-------+-----
Axes           | 3 |  3.4
Dodging        | 2 |  2.4
Armour         | 2 |  2.3
Fighting       | |  3.5
Maces & Flails | |  0.1

Action                   |  1- 3 |  4- 6 || total
-------------------------+-------+-------++-------
Melee: Hand axe          |    72 |     6 ||    78
       Whip              |    18 |       ||    18
Throw: Stone             |     2 |       ||     2
Invok: Berserk           |     3 |       ||     3
  Use: Scroll            |     1 |       ||     1
       Potion            |       |     1 ||     1
Armor: Animal skin       |     8 |       ||     8
       Leather armour    |     4 |       ||     4
       Ring mail         |    28 |    11 ||    39
Dodge: Dodged            |    59 |    18 ||    77
